 Dungeon Crawl Stone Soup version 0.22.0-13-g43fe8f2 (webtiles) character file.

47 letownia2 the Insei (level 3, -3/26 HPs)
             Began as a Demonspawn Transmuter on Aug 16, 2018.
             Slain by Natasha (6 damage)
             ... on level 2 of the Dungeon.
             The game lasted 00:02:41 (491 turns).

letownia2 the Insei (Demonspawn Transmuter)          Turns: 491, Time: 00:02:41

Health: -3/26      AC:  7    Str: 11    XL:     3   Next: 48%
Magic:  1/6        EV: 10    Int: 14    God:
Gold:   67         SH:  0    Dex: 15    Spells: 0/6 levels left

rFire    + . .     SeeInvis .     - Unarmed
rCold    . . .     Gourm    .   (no shield)
rNeg     . . .     Faith    .   h - +0 ring mail (curse)
rPois    .         Spirit   .   s - +0 helmet
rElec    .         Reflect  .   (no cloak)
rCorr    .         Harm     +   i - +0 pair of gloves
MR       .....                  (no boots)
Stlth    +.........             p - amulet of harm
HPRegen  0.08/turn              g - ring of protection from fire
MPRegen  0.10/turn              (no ring)

@: very slightly contaminated, slowed, very slow
A: thin skeletal structure 1
a: no special abilities


You were on level 2 of the Dungeon.
You were not hungry.

You visited 1 branch of the dungeon, and saw 2 of its levels.

You collected 67 gold pieces.

Inventory:

Missiles
 a - 10 arrows
 j - 25 sling bullets
 l - 23 poisoned needles
Armour
 b - a +0 robe
 h - a cursed +0 ring mail (worn)
 i - a +0 pair of gloves (worn)
 q - a +0 scale mail
 s - a +0 helmet (worn)
Jewellery
 g - a ring of protection from fire (left hand)
 p - an amulet of harm (around neck)
Scrolls
 k - a scroll of noise {unknown}
 n - a scroll of enchant armour {unknown}
 o - a scroll of teleportation {unknown}
 t - 3 scrolls of identify {unknown}
Potions
 e - a potion of might {unknown}
 f - 2 potions of agility {unknown}
 m - a potion of ambrosia {unknown}
 r - a potion of mutation {unknown}
Comestibles
 d - a ration


   Skills:
 + Level 1.6 Fighting
 - Level 1.7 Dodging
 + Level 3.9 Unarmed Combat
 - Level 2.0 Spellcasting
 - Level 1.7 Transmutations


You couldn't memorise any spells.
You knew the following spells:

 Your Spells              Type           Power        Failure   Level  Hunger
a - Beastly Appendage     Tmut           #.....       28%         1    ##.....
l - Sticks to Snakes      Tmut           #.......     38%         2    ###....
p - Spider Form           Tmut/Pois      #.........   77%         3    ####...

Your spell library contained the following spells:

 Spells                   Type           Power        Failure   Level  Hunger
 Blade Hands              Tmut           #.........   100%        5    ######.
 Ice Form                 Ice/Tmut       #.......     99%         4    #####..


Dungeon Overview and Level Annotations

Branches:
Dungeon (2/15)

Altars:
Wu Jian

Annotations:
D:2 Natasha


Innate Abilities, Weirdness & Mutations

You have a somewhat thin skeletal structure. (Dex +2, Stealth)


Message History

Your ball python bites Natasha but does no damage.
The shadow imp hits you but does no damage.
Natasha claws you.
* * * LOW HITPOINT WARNING * * *
The iron imp hits you but does no damage.
Your ball python bites Natasha.
Your ball python constricts Natasha.
Your ball python barely misses Natasha.
Unknown command.
Unknown command.
Unknown command.
You hit Natasha but do no damage.
Natasha is heavily wounded.
The shadow imp barely misses you.
Natasha wildly gestures.
Natasha glows brightly for a moment.
Natasha closely misses you.
Your ball python bites Natasha. x2
Your ball python constricts Natasha.
The iron imp hits you.
* * * LOW HITPOINT WARNING * * *
The shadow imp completely misses you. Natasha claws you.
You die...

....._............
#?...#.?.....#....#.#.
#h...#.......#....'...
# .... ..... #....##..
#.#
#..####.####....##..
.. #.............####.
#.##...............#.
#..5h5.............#.
###S@S......†......##
#................#.
###..............#.
#................
#.......######...
#.......# #...
#....#### #... ######
#... #...


You could see an iron imp, Natasha, a shadow imp and 2 friendly ball pythons.

Vanquished Creatures
  Natasha (D:2)
  2 dart slugs (D:1)
  A giant cockroach (D:1)
  3 goblins
  5 bats
  3 frilled lizards
  3 kobolds (D:1)
  A rat (D:1)
19 creatures vanquished.

Notes
Turn   | Place    | Note
-------+----------+-------------------------------------------
     0 | D:1      | letownia2 the Demonspawn Transmuter began the quest for the Orb.
     0 | D:1      | Reached XP level 1. HP: 15/15 MP: 3/3
    72 | D:1      | Reached skill level 3 in Unarmed Combat
   195 | D:1      | Gained mutation: You have a somewhat thin skeletal structure. (Dex +2, Stealth) [demonic ancestry]
   195 | D:1      | Reached XP level 2. HP: 17/21 MP: 1/5
   459 | D:2      | Found an ornate altar of the Wu Jian Council.
   460 | D:2      | Noticed Natasha
   468 | D:2      | Killed Natasha
   468 | D:2      | Reached XP level 3. HP: 15/26 MP: 4/6
   472 | D:2      | Learned a level 2 spell: Sticks to Snakes
   476 | D:2      | Learned a level 3 spell: Spider Form
   479 | D:2      | Noticed Natasha
   491 | D:2      | Slain by Natasha

Skill      XL: |  1 |
---------------+----+-----
Unarmed Combat | 3 |  3.9
Fighting       | |  1.6
Dodging        | |  1.7
Spellcasting   | |  2.0
Transmutations | |  1.7

Action                   || total
-------------------------++-------
Melee: Unarmed           ||    58
       Headbutt          ||     5
       Kick              ||     7
 Cast: Beastly Appendage ||    15
       Sticks to Snakes  ||     2
  Use: Potion            ||     2
Armor: Robe              ||     7
       Ring mail         ||    15
Dodge: Dodged            ||    37
